 Dungeon Crawl Stone Soup version 0.19.0 (webtiles) character file.

13134 Bsssss the Martial Artist (level 11, -1/74 HPs)
             Began as a Demonspawn Monk on Oct 30, 2016.
             Was an Elder of Hepliaklqana.
             Slain by a seven-headed hydra (11 damage)
             ... on level 2 of the Lair of Beasts on Nov 1, 2016.
             The game lasted 01:48:29 (14532 turns).

Bsssss the Martial Artist (Demonspawn Monk)        Turns: 14532, Time: 01:48:30

Health: -1/74      AC: 20    Str: 16    XL:     11   Next: 71%
Magic:  11/11      EV:  8    Int: 13    God:    Hepliaklqana [****..]
Gold:   826        SH:  0    Dex: 19    Spells: 0 memorised, 10 levels left

rFire  + . .     SeeInvis .       - Unarmed
rCold  . . .     Gourm    .     Q - +5 plate armour
rNeg   + . .     Faith    .     (no shield)
rPois  .         Spirit   .     (helmet unavailable)
rElec  .         Reflect  .     U - +0 cloak
rCorr  +         Harm     .     s - +0 pair of gloves
MR     .....                    (no boots)
Stlth  ..........               (no amulet)
                                w - ring of resist corrosion
                                T - ring of positive energy

@: about to teleport
A: reduced essence, claws 2, hooves 2, horns 3, agile 2, fire resistance 1,
powered by death 1, powered by pain 1, strong 1
a: Recall Ancestor, Ancestor Identity, Transference, Idealise, Renounce Religion


You were on level 2 of the Lair of Beasts.
You worshipped Hepliaklqana.
Hepliaklqana was greatly pleased with you.
You were not hungry.

You visited 3 branches of the dungeon, and saw 12 of its levels.

You collected 826 gold pieces.

Inventory:

Hand Weapons
 e - a +0 whip of electrocution
 r - a +1 blowgun
Missiles
 b - 5 needles of sleeping
 c - 399 stones (quivered)
 h - 2 throwing nets
 i - 35 bolts
 j - 274 arrows
 x - 24 poisoned needles
 y - 23 sling bullets
 C - 14 tomahawks
 P - 4 tomahawks of returning
Armour
 m - a cursed +0 robe
 s - a +0 pair of gloves (worn)
 v - a +2 robe of resistance
 Q - a +5 plate armour (worn)
 U - a +0 cloak (worn)
 V - the +2 ring mail "Igaed" {rPois rF+ Stlth+}
   (You took it off an orc priest on level 8 of the Dungeon)

   It protects you from fire.
   It protects you from poison.
   It makes you more stealthy.
Magical Staves
 q - an uncursed staff of death {unknown}
Jewellery
 o - an uncursed ring of protection from fire
 w - a ring of resist corrosion (right hand)
 G - an uncursed ring of ice
 I - an uncursed ring of fire
 S - an uncursed amulet of faith {unknown}
 T - a ring of positive energy (left hand)
Wands
 d - a wand of slowing (48/48)
 k - a wand of lightning (8/15)
 l - a wand of slowing (34/48)
 p - a wand of flame (24/48)
 u - a wand of digging (10/24)
Scrolls
 a - a scroll of summoning {unknown}
 f - a scroll of enchant weapon
 n - 6 scrolls of remove curse
 t - a scroll of acquirement {unknown}
 K - 8 scrolls of identify
 L - a scroll of teleportation
 M - a scroll of holy word {unknown}
 N - a scroll of blinking
 X - a scroll of fog {unknown}
 Y - a scroll of amnesia
Potions
 z - a potion of brilliance {unknown}
 B - a potion of cancellation {unknown}
 J - a potion of haste {unknown}
 R - a potion of magic {unknown}
 W - a potion of might {unknown}
Books
 H - a book of Necromancy

   Spells                             Type                      Level
   a - Pain                           Necromancy                   1
   b - Animate Skeleton               Necromancy                   1
   c - Vampiric Draining              Necromancy                   3
   d - Regeneration                   Charms/Necromancy            3
   e - Animate Dead                   Necromancy                   4
   f - Control Undead                 Necromancy                   4
 O - a book of Changes

   Spells                             Type                      Level
   a - Beastly Appendage              Transmutation                1
   b - Sticks to Snakes               Transmutation                2
   c - Spider Form                    Transmutation/Poison         3
   d - Ice Form                       Ice/Transmutation            4
   e - Blade Hands                    Transmutation                5
Comestibles
 g - 18 fruits
 D - 4 meat rations
 E - 12 royal jellies
 F - 4 bread rations


   Skills:
 * Level 6.9 Fighting
 * Level 6.6 Armour
 * Level 7.2 Dodging
 + Level 4.6 Stealth
 * Level 12.8 Unarmed Combat


You had 10 spell levels left.
You didn't know any spells.

Dungeon Overview and Level Annotations

Branches:
Dungeon (9/15)             Temple (1/1) D:5            Lair (2/6) D:9
  Swamp: Lair:2-4    Shoals: Lair:2-4     Snake: Lair:2-4    Spider: Lair:2-4
    Orc: D:9-12

Altars:
Ashenzari
Cheibriados
Dithmenos
Elyvilon
Fedhas
Gozag
Hepliaklqana
Kikubaaqudgha
Makhleb
Nemelex Xobeh
Okawaru
Qazlal
Ru
Sif Muna
Trog
Uskayaw
Vehumet
Xom
Yredelemnul
Zin
The Shining One

Shops:
D:8 !


Innate Abilities, Weirdness & Mutations

You have very sharp fingernails.
You have hoof-like feet.
You have a pair of large horns on your head.
You regenerate a little health from kills.
You sometimes gain a little power by taking damage.
Your life essence is reduced. (-10% HP)
You are very agile. (Dex +4)
Your flesh is heat resistant. (rF+)
Your muscles are strong. (Str +2)


Message History

* * * LOW HITPOINT WARNING * * *
The seven-headed hydra bites you but does no damage. x3
The wolf bites you but does no damage. The wolf barely misses you.
The wolf bites you but does no damage.
You see here a yellow potion.
You feel better. The wolf barely misses you. x2
The seven-headed hydra bites you.
* * * LOW HITPOINT WARNING * * *
The seven-headed hydra bites you.
* * * LOW HITPOINT WARNING * * *
The seven-headed hydra bites you but does no damage.
The seven-headed hydra bites you.
* * * LOW HITPOINT WARNING * * *
The seven-headed hydra bites you but does no damage. x3
The wolf barely misses you.
As you read the scroll of teleportation, it crumbles to dust.
You feel strangely unstable. The wolf closely misses you.
The wolf barely misses you. The wolf closely misses you.
The seven-headed hydra bites you!
You die...

#. ##..#..#.# ##
###. ..P... #
...........
#.........#
#..#.# ..# P
#.....##.###.###.
##...#..D..#.....
#....P.@h†#.#P$P
##......h†.......
#........#..####
#........#.##
#.........##
##..P.....# #
#........##.#.###
#...#.##.........
#..#.##P.###.#.##


You could see a seven-headed hydra and 2 wolves.

Vanquished Creatures
  A hydra (Lair:2)
  Erica (D:9)
  Pikel (D:4)
  The ghost of sturble the Chopper, a novice MiBe of Trog (D:5)
  5 komodo dragons
  3 spiny frogs
  A polar bear (Lair:2)
  3 hippogriffs
  Sigmund (D:3)
  14 yaks
  A hungry ghost (D:8)
  A water moccasin (Lair:1)
  2 porcupines
  2 orc warriors (D:7)
  A swamp drake (D:9)
  3 sky beasts
  4 slaves (D:4)
  2 ogres (D:5)
  2 wolves (Lair:2)
  6 centaurs
  A crocodile (Lair:1)
  6 bullfrogs
  A scorpion (D:4)
  3 howler monkeys
  3 crimson imps
  4 jellies
  3 hounds
  4 orc priests
  5 orc wizards
  A bullfrog skeleton (D:9)
  A centaur skeleton (D:5)
  Jessica (D:2)
  4 iguanas
  Natasha (thrice) (D:4)
  3 worker ants
  A hound zombie (D:8)
  A hound skeleton (D:5)
  12 adders
  2 gnolls
  2 shadow imps
  5 oozes
  3 adder skeletons
  2 adder zombies
  5 dart slugs
  2 worms (D:3)
  10 leopard geckos
  29 orcs
  6 bats
  9 giant cockroaches
  12 hobgoblins
  8 jackals
  4 quokkas
  3 ball pythons
  4 frilled lizards
  14 goblins
  A jackal skeleton (D:4)
  17 kobolds
  A quokka zombie (D:7)
  10 rats
  2 bushes (D:1)
  2 plants (D:1)
265 creatures vanquished.

Vanquished Creatures (collateral kills)
  A black mamba (Lair:1)
  A spiny frog (Lair:2)
  A komodo dragon (Lair:1)
  A yak (Lair:1)
  4 water moccasins
  A porcupine (Lair:1)
  An ice beast (D:6)
  5 ogres
  A centaur (D:7)
  A crocodile (Lair:2)
  A bullfrog (D:8)
  A hound (D:7)
  A jelly (D:8)
  3 iguanas
  An orc wizard (D:8)
  An adder (D:9)
  2 oozes (D:8)
  4 orcs
  A jackal (D:6)
32 creatures vanquished.

Vanquished Creatures (others)
  4 hexers
  A fungus (Lair:2)
  2 plants
7 creatures vanquished.

Grand Total: 304 creatures vanquished

Notes
Turn   | Place    | Note
-------+----------+-------------------------------------------
     0 | D:1      | Bsssss the Demonspawn Monk began the quest for the Orb.
     0 | D:1      | Reached XP level 1. HP: 18/18 MP: 1/1
   432 | D:1      | Gained mutation: You have a pair of small horns on your head. [demonic ancestry]
   432 | D:1      | Reached XP level 2. HP: 22/24 MP: 2/2
   530 | D:1      | Reached skill level 3 in Unarmed Combat
   561 | D:1      | Gained mutation: You have large cloven feet. [demonic ancestry]
   561 | D:1      | Reached XP level 3. HP: 29/29 MP: 3/3
   678 | D:1      | Reached skill level 1 in Armour
  1383 | D:1      | Paralysed by fainting for 7 turns
  1611 | D:2      | Noticed Jessica
  1619 | D:2      | Killed Jessica
  1619 | D:2      | Reached XP level 4. HP: 33/35 MP: 4/4
  2574 | D:3      | Reached skill level 4 in Unarmed Combat
  2633 | D:3      | Gained mutation: You have sharp fingernails. [demonic ancestry]
  2633 | D:3      | Reached XP level 5. HP: 18/41 MP: 5/5
  3070 | D:3      | Noticed Sigmund
  3094 | D:3      | Killed Sigmund
  3094 | D:3      | Reached XP level 6. HP: 8/48 MP: 6/6
  3845 | D:3      | Upgraded the game from 0.19-b1-4-gd8a0a2a to 0.19-b1-5-gdc9fa9d
  3868 | D:4      | Reached skill level 5 in Unarmed Combat
  3948 | D:4      | Gained mutation: You have very sharp fingernails. [demonic ancestry]
  3948 | D:4      | Reached XP level 7. HP: 34/53 MP: 7/7
  4214 | D:4      | Noticed Natasha
  4225 | D:4      | Killed Natasha
  4289 | D:4      | Noticed Natasha
  4597 | D:4      | Noticed Pikel
  4602 | D:4      | Gained mutation: Your flesh is heat resistant. (rF+) [potion of beneficial mutation]
  5080 | D:4      | Killed Pikel
  5080 | D:4      | Reached skill level 6 in Unarmed Combat
  5080 | D:4      | Gained mutation: You sometimes gain a little power by taking damage. [demonic ancestry]
  5080 | D:4      | Reached XP level 8. HP: 54/61 MP: 8/8
  5283 | D:4      | Killed Natasha
  5355 | D:4      | Noticed Natasha
  5363 | D:4      | Killed Natasha
  5367 | D:4      | Gained mutation: You are agile. (Dex +2) [potion of beneficial mutation]
  5480 | D:5      | Entered Level 5 of the Dungeon
  5676 | D:5      | Reached skill level 7 in Unarmed Combat
  5996 | D:5      | Noticed sturble's ghost (novice MiBe)
  6224 | D:5      | Killed sturble's ghost
  6224 | D:5      | Reached skill level 5 in Dodging
  6224 | D:5      | Reached skill level 8 in Unarmed Combat
  6270 | D:5      | Upgraded the game from 0.19-b1-5-gdc9fa9d to 0.19.0
  6396 | D:5      | Found a shattered altar of Ashenzari.
  6397 | D:5      | Found a stormy altar of Qazlal.
  6504 | D:5      | Found a staircase to the Ecumenical Temple.
  6571 | D:5      | Reached skill level 5 in Fighting
  6571 | D:5      | Gained mutation: You have hoof-like feet. [demonic ancestry]
  6571 | D:5      | Reached XP level 9. HP: 39/68 MP: 9/9
  6740 | Temple   | Entered the Ecumenical Temple
  6750 | Temple   | Became a worshipper of Hepliaklqana the Forgotten
  6750 | Temple   | Reached * piety under Hepliaklqana
  6750 | Temple   | Reached ** piety under Hepliaklqana
  7827 | D:6      | Found a shimmering altar of Xom.
  7829 | D:6      | Found a snail-covered altar of Cheibriados.
  7829 | D:6      | Found an opulent altar of Gozag.
  7831 | D:6      | Found an iron altar of Okawaru.
  7831 | D:6      | Found a hazy altar of Hepliaklqana.
  7831 | D:6      | Found a sparkling altar of Nemelex Xobeh.
  8167 | D:6      | Reached skill level 9 in Unarmed Combat
  8263 | D:6      | Remembered your ancestor Zolin as a hexer
  8343 | D:6      | Found a sacrificial altar of Ru.
  8539 | D:7      | Reached *** piety under Hepliaklqana
  9630 | D:7      | Gained mutation: You have a pair of horns on your head. [potion of mutation]
  9630 | D:7      | Gained mutation: You are very agile. (Dex +4) [potion of mutation]
  9631 | D:7      | Gained mutation: You tend to lose your temper in combat. [potion of mutation]
  9631 | D:7      | Gained mutation: Your muscles are strong. (Str +2) [potion of mutation]
 10019 | D:8      | Reached skill level 10 in Unarmed Combat
 10199 | D:8      | Gained mutation: You have a pair of large horns on your head. [demonic ancestry]
 10199 | D:8      | Reached XP level 10. HP: 65/68 MP: 10/10
 10252 | D:8      | Found Quorchana's Distillery.
 10324 | D:8      | Got a pitted ring mail
 10563 | D:8      | Reached **** piety under Hepliaklqana
 10600 | D:8      | Identified the +2 ring mail "Igaed" {rPois rF+ Stlth+} (You took it off an orc priest on level 8 of the Dungeon)
 11017 | D:9      | Found a blossoming altar of Fedhas.
 11279 | D:9      | Noticed Erica
 11304 | D:9      | Killed Erica
 11304 | D:9      | Reached skill level 11 in Unarmed Combat
 11622 | D:9      | Found a staircase to the Lair.
 11968 | Lair:1   | Entered Level 1 of the Lair of Beasts
 12363 | Lair:1   | Noticed a black mamba
 12372 | Lair:1   | Killed a black mamba
 12372 | Lair:1   | Gained mutation: You regenerate a little health from kills. [demonic ancestry]
 12372 | Lair:1   | Reached XP level 11. HP: 23/74 MP: 11/11
 12792 | Lair:1   | Reached skill level 5 in Armour
 13142 | Lair:1   | Reached skill level 12 in Unarmed Combat
 13958 | Lair:2   | Lost mutation: You tend to lose your temper in combat. [potion of beneficial mutation]
 14164 | Lair:2   | Noticed a four-headed hydra
 14177 | Lair:2   | Killed a four-headed hydra
 14525 | Lair:2   | Noticed a seven-headed hydra
 14532 | Lair:2   | Slain by a seven-headed hydra

Skill      XL: |  1  2  3  4  5  6  7  8  9 10 11 |
---------------+----------------------------------+-----
Dodging        | 3 4 5 6 7 |  7.2
Unarmed Combat | 3 4 5 6 8 10 11 12 | 12.8
Armour         | 1 2 3 4 6 |  6.6
Stealth        | 2 3 4 |  4.6
Fighting       | 4 5 6 |  6.9

Action                   |  1- 3 |  4- 6 |  7- 9 | 10-12 || total
-------------------------+-------+-------+-------+-------++-------
Melee: Unarmed           |   581 |   171 |   406 |   278 ||  1436
       Headbutt          |   176 |    19 |    77 |    62 ||   334
       Kick              |   254 |    42 |   116 |   110 ||   522
       Punch             |    14 |     3 |    15 |     8 ||    40
Invok: Ancestor Life: He |       |       |     1 |       ||     1
       Ancestor Identity |       |       |     1 |       ||     1
  Use: Scroll            |     2 |    10 |    11 |     3 ||    26
       Potion            |       |     4 |     6 |     6 ||    16
 Stab: Sleeping          |     4 |     3 |     6 |       ||    13
       Confused          |       |       |     1 |     3 ||     4
       Distracted        |       |       |       |     3 ||     3
  Eat: Bread ration      |     1 |     1 |     1 |     1 ||     4
       Chunk             |       |     5 |    11 |     5 ||    21
       Meat ration       |       |       |     1 |       ||     1
       Pizza             |       |       |       |     3 ||     3
Armor: Robe              |    26 |    23 |    41 |     4 ||    94
       Skin              |       |     2 |     3 |     4 ||     9
       Plate armour      |       |       |       |   177 ||   177
Dodge: Dodged            |    89 |    95 |   234 |   115 ||   533
